 Dungeon Crawl Stone Soup version 0.31.0-11-ge490571c62 (webtiles) character file.

Game seed: 15863944239916926335

4 RancidPinata the Sneak (level 1, -1/16 HPs)
             Began as an Octopode Delver on Feb 10, 2024.
             Slain by a howler monkey (4 damage)
             ... on level 5 of the Dungeon.
             The game lasted 00:01:06 (162 turns).

RancidPinata the Sneak (Octopode Delver)             Turns: 162, Time: 00:01:06

Health: -1/16      AC:  1    Str: 11    XL:     1   Next: 60%
Magic:  1/1        EV: 13    Int: 12    God:
Gold:   40         SH:  0    Dex: 13    Spells: 0/0 levels left

rFire   . . .        a - +0 short sword
rCold   . . .        (no shield)
rNeg    . . .        (helmet restricted)
rPois   .            (no amulet)
rElec   .            (no ring)
rCorr   .            (no ring)
SInv    .            (no ring)
Will    .....        (no ring)
Stlth   ++++         (no ring)
HPRegen 0.22/turn    (no ring)
MPRegen 0.07/turn    (no ring)
                     (no ring)

%: no passive effects
@: no status effects
A: almost no armour, amphibious, 8 rings, camouflage 1, gelatinous body 1,
(nimble swimmer 1), tentacles
a: no special abilities


You were on level 5 of the Dungeon.
You visited 1 branch of the dungeon, and saw 1 of its levels.

You collected 40 gold pieces.

Inventory:

Hand Weapons
 a - a +0 short sword (weapon)
Wands
 f - a wand of digging (3)
Scrolls
 b - a scroll of fog
 c - a scroll of revelation
 d - a scroll of fear
 g - a scroll of immolation {unknown}
 h - a scroll of identify {unknown}
 i - a scroll of enchant weapon {unknown}
Potions
 e - a potion of haste


   Skills:
 * Level 3.0 Fighting
 + Level 2.0 Short Blades
 * Level 2.1 Dodging
 * Level 6.6 Stealth


You couldn't memorise any spells.
You didn't know any spells.
Your spell library was empty.

Dungeon Overview and Level Annotations

Branches:
Dungeon (5/15)
 Temple: D:4-7

Altars:


Innate Abilities, Weirdness & Mutations

You cannot wear most types of armour.
You are amphibious.
You can wear up to eight rings at the same time.
Your skin changes colour to match your surroundings (Stealth+).
Your rubbery body absorbs attacks. (AC +1, EV +1)
((You are camouflaged when in or above water. (Stealth+)))
You have tentacles for arms and can constrict up to eight enemies at once.


Message History

Found a halberd.
You now have 40 gold pieces (gained 12).
There is a stone staircase leading up here.
There is an open door here.
A howler monkey comes into view.
There is an open door here.
There is a stone staircase leading up here.
You start waiting.
A howler monkey is nearby!
You start waiting.
A howler monkey is nearby!
The howler monkey howls!
The howler monkey hits you.
You barely miss the howler monkey. You grab the howler monkey.
You squeeze the howler monkey!
The howler monkey is heavily wounded.
You constrict the howler monkey, but do no damage.
The howler monkey hoots and howls with incredible vigour!
The orc hits you with a +0 quarterstaff!
Ouch! That really hurt!
You hit the howler monkey but do no damage.
The howler monkey is heavily wounded.
You constrict the howler monkey. The howler monkey closely misses you.
The orc barely misses you.
You hit the howler monkey.
The howler monkey is severely wounded.
You constrict the howler monkey, but do no damage.
The howler monkey hits you but does no damage.
The orc barely misses you.
You release your grip on the howler monkey.
The howler monkey hoots and howls with incredible vigour!
You hit the orc. You grab the orc.
The orc is severely wounded.
You constrict the orc. The orc barely misses you.
You release your grip on the orc.
The howler monkey attacks as it pursues you!
The howler monkey hits you.
* * * LOW HITPOINT WARNING * * *
The howler monkey hits you.
You die...

#......)# #
#.......#####.#
#.......##....###
####.).....##.#....#
.........<.'.....#.h..
...........##.##.# .#.
.........o.##....#
..........h#######.
...........@.......
...........########
....######..#
+##############..######
................>......
##.############..######
#....# #..).# ##...#
#..### ##..# #..#


You could see a howler monkey and an orc.

Vanquished Creatures
  2 orcs (D:5)
2 creatures vanquished.

Notes
Turn   | Place    | Note
-------+----------+-------------------------------------------
     0 | D:5      | RancidPinata the Octopode Delver began the quest for the
                  | Orb.
     0 | D:5      | Reached XP level 1. HP: 16/16 MP: 1/1
   131 | D:5      | Noticed a howler monkey
   162 | D:5      | Slain by a howler monkey

Illustrated notes

Levels and vault maps discovered:
D:5:      layout_basic, nrook_mini_vaults, grunt_decor_resistance,
          chequers_serial_rivers_small_a

Action                     || total
---------------------------++-------
  Melee: Short sword       ||     9
         Constrict         ||     4
         Tentacles         ||     4
 Armour: Skin              ||     7
  Dodge: Dodged            ||     5
